 Dungeon Crawl Stone Soup version 0.23.1 (webtiles) character file.

Game seed: 17249565031570885837

2954 Stabby the Covert (level 9, -3/44 HPs)
             Began as a Spriggan Assassin on Mar 18, 2019.
             Was an Initiate of Gozag.
             Slain by an orc warrior
             ... wielding a cursed -2 mace
              (19 damage)
             ... on level 8 of the Dungeon.
             The game lasted 00:27:51 (11461 turns).

Stabby the Covert (Spriggan Assassin)              Turns: 11461, Time: 00:27:52

Health: -3/44      AC:  5    Str: 10    XL:     9   Next: 52%
Magic:  17/18      EV: 21    Int: 13    God:    Gozag
Gold:   1557       SH:  0    Dex: 17    Spells: 15/19 levels left

rFire    . . .     SeeInvis +   A - +1 short sword (venom)
rCold    . . .     Gourm    .   (shield restricted)
rNeg     + . .     Faith    .   c - +0 robe
rPois    .         Spirit   .   (helmet restricted)
rElec    .         Reflect  .   d - +2 cloak
rCorr    .         Harm     .   (gloves unavailable)
MR       +....                  (boots unavailable)
Stlth    +++++.....             (no amulet)
HPRegen  0.14/turn              j - ring of positive energy
MPRegen  0.16/turn              m - ring of flight

@: confusing touch, gold aura, very quick
A: very small, unfitting armour, see invisible, herbivore, speed 3, slow
metabolism 2
a: Potion Petition, Call Merchant, Bribe Branch, Renounce Religion, Evoke Flight


You were on level 8 of the Dungeon.
You worshipped Gozag.
Gozag was most pleased with you.
You were not hungry.

You visited 1 branch of the dungeon, and saw 8 of its levels.
You also visited: Sewer and Ossuary.

You collected 1595 gold pieces.
You paid 38 gold pieces to Gozag.

Inventory:

Hand Weapons
 a - a +3 dagger
 b - a +0 blowgun
 n - a +0 trident
 t - a +0 spear
 A - a +1 short sword of venom (weapon)
Missiles
 e - 58 poisoned needles
 k - 235 arrows
 r - 11 tomahawks (quivered)
 v - 3 throwing nets
 G - 7 needles of confusion
Armour
 c - a +0 robe (worn)
 d - a +2 cloak (worn)
Magical Staves
 B - an uncursed staff of poison {unknown}
Jewellery
 j - a ring of positive energy (left hand)
 m - a ring of flight (right hand)
Wands
 y - a wand of acid (8)
 z - a wand of polymorph (21)
 H - a wand of disintegration (17)
 I - a wand of enslavement (7)
 L - a wand of flame (23)
Scrolls
 h - 6 scrolls of remove curse
 o - 3 scrolls of enchant armour
 s - 3 scrolls of fear
 w - 3 scrolls of enchant weapon
 x - a scroll of fog
 F - a scroll of immolation
Potions
 f - 3 potions of haste
 i - 2 potions of invisibility
 l - 2 potions of agility
 p - 2 potions of curing
 q - 3 potions of heal wounds
 u - a potion of resistance {unknown}
 C - 2 potions of cancellation
 D - 2 potions of brilliance
 E - a potion of lignification {unknown}
 J - a potion of flight {unknown}
 K - 3 potions of mutation {unknown}
Comestibles
 g - 16 rations


   Skills:
 + Level 3.3 Fighting
 + Level 7.1 Short Blades
 + Level 3.2 Throwing
 + Level 5.6 Dodging
 + Level 12.5 Stealth
 * Level 5.6 Spellcasting
 * Level 5.6 Hexes


You had 15 spell levels left.
You knew the following spells:

 Your Spells              Type           Power        Failure   Level  Hunger
a - Confusing Touch       Hex            ###...       1%          1    None
b - Confuse               Hex            ###.....     5%          3    ###....

Your spell library contained the following spells:

 Spells                   Type           Power        Failure   Level  Hunger
 Corona                   Hex            ###....      1%          1    None
 Tukima's Dance           Hex            ###.....     5%          3    ###....
 Ensorcelled Hibernation  Hex/Ice        ##....       9%          2    ##.....
 Dazzling Spray           Conj/Hex       ##....       17%         3    ###....
 Spectral Weapon          Hex/Chrm       ##......     17%         3    ###....
 Infusion                 Chrm           #...         19%         1    None
 Shroud of Golubria       Chrm/Tloc      #.........   26%         2    ##.....
 Song of Slaying          Chrm           #.......     26%         2    ##.....
 Gell's Gravitas          Tloc           #.........   47%         3    ###....
 Regeneration             Chrm/Necr      #.........   47%         3    ###....
 Metabolic Englaciation   Hex/Ice        ##........   83%         5    ######.
 Yara's Violent Unravell  Hex/Tmut       ##........   83%         5    ######.
 Petrify                  Tmut/Erth      #.......     87%         4    ####...


Dungeon Overview and Level Annotations

Branches:
Dungeon (8/15)             Temple (0/1) D:7
   Lair: D:8-11

Altars:
Elyvilon
Fedhas
Gozag
Makhleb
Ru
Trog
Yredelemnul

Shops:
D:4 =   D:5 [

Annotations:
D:1 exclusion: downstairs
D:3 exclusion: downstairs


Innate Abilities, Weirdness & Mutations

You are very small and have problems with some larger weapons.
You are too small for most types of armour.
You have supernaturally acute eyesight. (SInv)
You are a herbivore.
You cover ground extremely quickly.
You need to consume almost no food.


Message History

The orc warrior hits the orc priest but does no damage.
The orc priest calls down the wrath of Beogh upon you.
You resist with some effort.
You hit the orc priest but do no damage.
The orc priest looks even sicker.
The orc priest is almost dead.
The orc warrior closely misses you.
You barely miss the orc priest.
The orc priest is almost dead.
The orc priest looks encouraged for a moment.
Casting: Confusing Touch (safe; 1% risk of failure)
Confirm with . or Enter, or press ? or * to list all spells.
Your hands begin to glow red.
You kill the orc priest!
The orc warrior hits you with a cursed -2 mace!
You see here 7 gold pieces.
You barely miss the orc. The orc misses you.
The orc warrior hits you with a cursed -2 mace!!
You die...
Your body crumbles into a pile of gold.

# **,#*******#..###.#####
########,..,,,,..##..........#
.......#*.#****#.###.###.###.#
######.##.#### #.# #.# #.# #.#
........#....# #.#
#.###.###.##
....#<.......###.#
#..........#
....###........#.#
#####.###### ....#
#...####.#o# #.# ....# #...#
#.#@#######.# ....# ##..#
#.#$o.......#
########..####.###########
....................#
#########.####.####.# #.##
#.####.# ###..###......#
**#####...>.......###
*,................#


You could see an orc warrior (confused) and an orc.

Vanquished Creatures
  An ice beast (D:8)
  4 black bears
  A phantom (D:5)
  A sky beast (D:3)
  3 ogres
  3 centaurs
  A crocodile (Sewer)
  A big kobold (D:8)
  5 bullfrogs
  A water moccasin zombie (Ossuary)
  2 scorpions
  2 crimson imps
  A bullfrog zombie (D:6)
  5 orc priests
  2 centaur zombies (D:5)
  A hound (D:4)
  3 orc wizards
  2 bullfrog skeletons
  5 iguanas
  2 worker ants
  3 big kobold zombies (Ossuary)
  A hound zombie (D:6)
  2 mummies (Ossuary)
  Robin (D:3)
  A howler monkey skeleton (D:4)
  5 adders
  16 gnolls
  A shadow imp (D:6)
  An ooze (D:2)
  9 adder zombies
  An adder skeleton (D:5)
  2 worms
  A dart slug (D:5)
  5 leopard geckos
  22 orcs
  3 giant cockroaches
  4 gnoll zombies (Ossuary)
  24 goblins
  20 hobgoblins
  14 jackals
  25 kobolds
  7 quokkas
  2 ball pythons
  3 bats (D:1)
  5 frilled lizards
  7 hobgoblin zombies (Ossuary)
  A jackal skeleton (D:4)
  A kobold zombie (Ossuary)
  3 orc zombies (Ossuary)
  7 rats
243 creatures vanquished.

Notes
Turn   | Place    | Note
-------+----------+-------------------------------------------
     0 | D:1      | Stabby the Spriggan Assassin began the quest for the Orb.
     0 | D:1      | Reached XP level 1. HP: 10/10 MP: 2/2
    50 | D:1      | Reached skill level 6 in Stealth
   214 | D:1      | Reached XP level 2. HP: 10/14 MP: 3/3
  1472 | D:2      | Reached XP level 3. HP: 18/18 MP: 4/4
  1473 | D:2      | Reached skill level 7 in Stealth
  1522 | D:1      | Reached XP level 4. HP: 23/23 MP: 5/5
  1863 | D:1      | Reached XP level 5. HP: 17/26 MP: 6/6
  2497 | D:2      | Reached skill level 8 in Stealth
  2970 | D:3      | Found a glowing drain.
  3020 | Sewer    | Entered a sewer
  3096 | Sewer    | Noticed a crocodile
  3112 | Sewer    | Killed a crocodile
  3223 | D:3      | Reached XP level 6. HP: 30/30 MP: 7/7
  3254 | D:3      | Found an opulent altar of Gozag.
  3286 | D:3      | Became a worshipper of Gozag Ym Sagoz the Greedy
  3679 | D:4      | Noticed Robin
  3693 | D:4      | Noticed a sky beast
  4005 | D:3      | Killed a sky beast
  4305 | D:3      | Killed Robin
  4454 | D:4      | Learned a level 1 spell: Confusing Touch
  4810 | D:4      | Learned a level 3 spell: Confuse
  5175 | D:4      | Reached skill level 1 in Spellcasting
  5175 | D:4      | Reached skill level 1 in Hexes
  5369 | D:4      | Reached XP level 7. HP: 35/35 MP: 9/9
  5712 | D:4      | Reached skill level 5 in Short Blades
  5840 | D:4      | Found Caufer's Jewellery Boutique.
  6228 | D:4      | Found a blossoming altar of Fedhas.
  6502 | D:5      | Entered Level 5 of the Dungeon
  6538 | D:5      | Reached skill level 9 in Stealth
  6830 | D:5      | Found a basalt altar of Yredelemnul.
  6905 | D:5      | Found a white marble altar of Elyvilon.
  7098 | D:5      | Found Hibruux's Armour Shop.
  7165 | D:5      | Reached skill level 10 in Stealth
  7165 | D:5      | Reached XP level 8. HP: 39/39 MP: 10/13
  7920 | D:6      | Found a burning altar of Makhleb.
  8013 | D:6      | Found a sacrificial altar of Ru.
  8218 | D:6      | Reached skill level 11 in Stealth
  8509 | D:7      | Found a bloodstained altar of Trog.
  8532 | D:7      | Reached skill level 5 in Dodging
  8731 | D:7      | Reached XP level 9. HP: 32/43 MP: 15/17
  9083 | D:7      | Found a staircase to the Ecumenical Temple.
  9522 | D:8      | Found a sand-covered staircase.
  9526 | Ossuary  | Entered an ossuary
  9615 | Ossuary  | Reached skill level 5 in Spellcasting
  9828 | Ossuary  | Reached skill level 12 in Stealth
 10452 | D:8      | Reached skill level 5 in Hexes
 10964 | D:8      | Found a blossoming altar of Fedhas.
 11461 | D:8      | Slain by an orc warrior

Skill      XL: |  1  2  3  4  5  6  7  8  9 |
---------------+----------------------------+-----
Stealth        | 6 7 8 10 11 12 | 12.5
Short Blades   | 3 4 5 6 7 |  7.1
Dodging        | 2 3 4 5 |  5.6
Fighting       | 2 3 |  3.3
Throwing       | 3 |  3.2
Spellcasting   | 1 2 4 5 |  5.6
Hexes          | 1 2 4 5 |  5.6

Action                   |  1- 3 |  4- 6 |  7- 9 || total
-------------------------+-------+-------+-------++-------
Melee: Dagger            |    89 |   285 |   558 ||   932
       Short sword       |       |       |    61 ||    61
 Fire: Blowgun           |     3 |    34 |       ||    37
Throw: Tomahawk          |       |     4 |       ||     4
 Cast: Confusing Touch   |       |     2 |    45 ||    47
  Use: Scroll            |       |    11 |     9 ||    20
       Potion            |       |     1 |       ||     1
 Stab: Sleeping          |    11 |    10 |    41 ||    62
       Confused          |       |     2 |    38 ||    40
       Distracted        |       |     2 |     3 ||     5
  Eat: Ration            |       |     2 |     3 ||     5
Armor: Robe              |     8 |    31 |    44 ||    83
Dodge: Dodged            |    52 |   208 |   333 ||   593
